Selects Luftwaffe Battlegroup
Selects Luftwaffe Pioneer Support
Fallschirmpioneer Squad Paradrop
Construct Infanterie Kompanie
Construct Panzergrenadier Kompanie
Selects Stuka Strafing Run
Panzergrenadier Officer Quarters
Nebelwerfer 42 Rocket Launcher Team
Selects Fallschirmjäger Squad Paradrop
Nebelwerfer 42 Rocket Launcher Team
Pak 40 Anti-tank Gun Team
Construct Luftwaffe Kompanie
Marder III M Tank Destroyer
Selects Flak 38 Anti-Air Emplacement
Luftwaffe Officer Quarters
Marder III M Tank Destroyer
Marder III M Tank Destroyer
Selects Flak 36 Anti-tank Gun Emplacement
Marder III M Tank Destroyer
Marder III M Tank Destroyer